Map: Coda LE (Void)

Players

CatZ - Winner!

  • Race: Zerg Zerg

Pseudorandom

VOD

http://www.twitch.tv/pseudorandom63/b/646849655

Description

Time

  • Played on: April 6, 2015, 3:09 a.m.
  • Length: 13:49
Show
View Real Time Build Order
Export as new Build Order

CatZ Zerg - Winner!

Build Orders: Hatch First, Ravager All-In 

Get SALT Encoding   

  12  0:00  Drone  
  13  0:12  Overlord  
  13  0:17  Drone  
  14  0:32  Drone  
  14  0:33  Drone  
  17  0:35  Drone  
  17  0:53  Hatchery  
  16  0:58  Drone  
  17  1:06  Drone  
  17  1:07  Extractor  
  17  1:15  Spawning Pool  
  16  1:18  Drone  
  16  1:24  Drone  
  18  1:33  Drone  
  18  1:39  Drone  
  20  1:44  Evolution Chamber  
  19  1:52  Overlord  
  19  2:00  Drone  
  19  2:01  Queen  
  20  2:06  Queen  
  24  2:13  Zerg Melee Weapons Level 1  
  24  2:16  Zergling x2  
  24  2:19  Zergling x2  
  26  2:29  Drone x3  
  29  2:41  Drone x2  
  31  2:45  Metabolic Boost  
  31  2:52  Drone x2  
  33  3:03  Drone  
  33  3:04  Drone  
  35  3:10  Overlord, Roach Warren  
  34  3:13  Drone x2  
  36  3:23  Overlord  
  36  3:28  Drone x5, Extractor  
  40  3:37  Drone  
  40  3:39  Overlord  
  41  3:46  Zergling x4  
  41  3:47  Zergling x10  
  48  3:51  Zergling x4  
  49  3:56  Roach  
  49  4:01  Roach x2  
  54  4:15  Roach  
  54  4:16  Roach  
  58  4:26  Overlord  
  58  4:27  Zergling x4  
  59  4:35  Ravager  
  59  4:37  Drone  
  59  4:38  Drone x2, Overlord  
  59  4:48  Zergling x2  
  59  4:49  Zergling x6  
  62  4:54  Hatchery  
  62  4:58  Ravager x4  
  65  5:01  Drone x2  
  65  5:02  Drone x2  
  65  5:04  Drone x2  
  65  5:05  Drone, Extractor  
  65  5:07  Evolution Chamber  
  72  5:21  Roach x2  
  72  5:22  Overlord  
  72  5:27  Lair, Overlord  
  74  5:36  Roach  
  74  5:37  Overlord  
  74  5:39  Overlord  
  76  5:45  Drone x7  
  76  5:46  Extractor  
  82  5:54  Zerg Ground Armor Level 1  
  82  5:57  Queen  
  84  6:09  Drone  
  84  6:10  Zerg Missile Weapons Level 1, Drone  
  86  6:17  Overlord  
  86  6:21  Overlord  
  86  6:22  Drone x6  
  86  6:23  Drone x3  
  95  6:35  Roach x2  
  101  6:43  Glial Reconstitution  
  101  6:44  Overlord  
  101  6:45  Overseer  
  101  6:46  Pneumatized Carapace  
  99  6:50  Drone x4  
  99  6:52  Drone x3  
  99  6:53  Ravager  
  107  6:54  Overlord  
  107  6:58  Overlord  
  107  7:06  Spore Crawler  
  106  7:08  Spore Crawler  
  106  7:09  Spore Crawler  
  106  7:10  Hydralisk Den  
  106  7:11  Spore Crawler  
  106  7:12  Spore Crawler  
  106  7:14  Spore Crawler  
  99  7:20  Overlord  
  99  7:21  Extractor  
  92  7:23  Drone x3, Extractor  
  92  7:24  Drone  
  83  7:42  Muscular Augments  
  83  7:43  Hydralisk x6  
  77  7:50  Zergling x8  
  83  7:52  Zergling x2  
  84  7:59  Zergling x2  
  84  8:00  Queen, Zergling x2  
  84  8:03  Zergling x2  
  84  8:04  Zerg Ground Armor Level 2  
  89  8:06  Zerg Missile Weapons Level 2, Zergling x2  
  89  8:11  Hydralisk  
  92  8:16  Overlord  
  92  8:21  Hydralisk x4  
  96  8:31  Hydralisk  
  96  8:32  Hydralisk x2  
  96  8:33  Hydralisk  
  103  8:40  Hydralisk  
  103  8:41  Hydralisk  
  103  8:42  Zergling x6  
  103  8:43  Zergling x2  
  100  8:51  Zergling x8  
  100  8:52  Zergling x4  
  104  8:55  Zergling x4  
  104  8:56  Zergling x2  
  104  9:01  Hydralisk x2  
  109  9:04  Hydralisk  
  96  9:13  Hydralisk x3  
  96  9:15  Zergling x2  
  96  9:17  Drone  
  102  9:18  Drone  
  101  9:24  Zergling x6  
  101  9:25  Zergling x2  
  92  9:39  Zergling x10  
  96  9:45  Extractor  
  96  9:47  Hydralisk x4  
  96  9:52  Hydralisk x3  
  90  10:00  Infestation Pit  
  90  10:02  Overlord  
  89  10:09  Hydralisk x2  
  91  10:16  Zergling x2  
  91  10:17  Zergling x6  
  91  10:22  Burrow  
  91  10:24  Hydralisk x2  
  91  10:26  Hydralisk  
  95  10:29  Hydralisk  
  91  10:51  Hydralisk  
  91  10:52  Hydralisk x5  
  99  11:03  Hydralisk  
  99  11:04  Hydralisk x4  
  96  11:06  Hydralisk  
  96  11:09  Zergling x6  
  108  11:11  Zergling x2  
  109  11:20  Pathogen Glands  
  108  11:38  Infestor  
  108  11:39  Infestor x3  
  116  11:50  Zergling x26  
  127  12:08  Hatchery  
  127  12:15  Overlord  
  115  12:25  Roach x5  
  115  12:26  Roach x5  
  115  12:27  Roach  
  135  12:33  Roach  
  135  12:34  Roach  
  135  12:36  Zergling x2  
  135  12:37  Zergling x2  
  139  12:40  Infestor  
  139  12:43  Infestor  
  141  12:47  Infestor  
  142  12:55  Ravager x4  
  142  12:57  Overlord  
  142  12:58  Overlord  
  141  13:11  Hatchery  
Show
View Real Time Build Order
Export as new Build Order

Pseudorandom Zerg 

Build Orders: Pool First 

Get SALT Encoding   

  12  0:01  Drone  
  13  0:12  Overlord  
  13  0:18  Drone  
  14  0:30  Drone x2  
  14  0:34  Drone  
  17  0:45  Drone  
  18  0:53  Spawning Pool  
  18  0:57  Drone  
  18  1:06  Drone  
  19  1:20  Hatchery  
  19  1:22  Drone  
  19  1:26  Extractor  
  19  1:30  Overlord  
  18  1:41  Queen  
  18  1:44  Zergling x2  
  21  1:50  Drone  
  22  2:02  Drone  
  23  2:12  Drone  
  24  2:16  Queen  
  24  2:22  Drone  
  27  2:28  Metabolic Boost  
  27  2:33  Drone x2  
  29  2:38  Spine Crawler  
  29  2:43  Drone x2  
  30  2:49  Baneling Nest  
  30  2:50  Drone  
  30  2:55  Drone  
  30  2:56  Drone  
  31  3:04  Drone x3  
  31  3:05  Zergling x2  
  35  3:16  Overlord  
  35  3:18  Zergling x2  
  36  3:21  Extractor  
  36  3:22  Zergling x2  
  36  3:24  Overlord  
  36  3:26  Lair  
  38  3:34  Zergling x6  
  38  3:35  Drone  
  38  3:37  Drone  
  38  3:41  Baneling x2  
  41  3:46  Drone x2  
  42  3:50  Zergling x6  
  42  3:54  Drone x2  
  47  3:59  Drone x2  
  49  4:05  Drone x2, Extractor  
  50  4:14  Zergling x4  
  50  4:15  Overlord  
  50  4:16  Overlord  
  51  4:22  Spine Crawler  
  51  4:23  Baneling x2  
  51  4:24  Baneling  
  50  4:26  Zergling x2  
  51  4:36  Drone x3  
  51  4:37  Drone  
  55  4:38  Extractor  
  51  4:48  Zergling x2  
  51  4:49  Zergling x12  
  51  4:51  Zergling x2  
  57  4:57  Spire  
  57  4:58  Zergling x2  
  57  4:59  Zergling x2  
  57  5:05  Zergling x6  
  60  5:12  Zergling x4  
  62  5:18  Overlord  
  60  5:35  Zergling x8  
  58  5:39  Drone x5  
  63  5:49  Zergling x8  
  65  6:04  Overlord  
  64  6:15  Overlord  
  59  6:33  Mutalisk  
  59  6:34  Mutalisk x7  
  59  6:36  Mutalisk  
  59  6:37  Overlord  
  75  6:44  Zerg Flyer Weapons Level 1  
  75  6:50  Overlord  
  75  6:51  Overlord  
  75  6:55  Mutalisk x3  
  75  6:56  Hatchery  
  75  6:57  Mutalisk  
  82  7:03  Overlord  
  82  7:04  Overlord  
  80  7:29  Mutalisk  
  75  7:43  Drone x2  
  75  7:44  Drone  
  77  7:46  Hatchery  
  77  7:49  Drone x2  
  77  7:50  Drone  
  79  7:55  Evolution Chamber x2  
  79  7:57  Zergling x8  
  81  8:05  Mutalisk x4  
  89  8:14  Extractor x2  
  89  8:17  Zergling x4  
  87  8:40  Zergling x8  
  91  8:43  Zerg Ground Armor Level 1, Zerg Melee Weapons Level 1  
  84  8:50  Mutalisk x3  
  84  8:51  Mutalisk  
  89  9:01  Mutalisk x2  
  93  9:06  Zergling x2  
  93  9:07  Zergling x6  
  86  9:11  Baneling x2  
  86  9:12  Baneling x3  
  86  9:15  Drone x3  
  87  9:18  Zergling x4  
  87  9:19  Zergling x2  
  90  9:24  Zergling x2  
  90  9:25  Zergling x2  
  86  9:40  Zerg Flyer Weapons Level 2  
  85  9:50  Zergling x10  
  85  9:51  Hatchery  
  84  9:57  Zergling x6  
  84  9:58  Zergling x4  
  76  10:07  Mutalisk x2  
  76  10:21  Drone x4  
  76  10:22  Drone  
  79  10:31  Mutalisk x2  
  83  10:39  Drone  
  83  10:40  Drone x2  
  81  10:46  Drone x2  
  81  10:52  Mutalisk  
  73  11:07  Mutalisk x3  
  69  11:11  Drone  
  70  11:18  Baneling x4  
  70  11:19  Baneling x2  
  70  11:26  Drone x2  
  70  11:27  Drone x2  
  70  11:31  Mutalisk  
  76  11:39  Drone  
  78  11:40  Drone  
  78  11:41  Spine Crawler  
  78  11:46  Drone x2  
  79  11:54  Mutalisk x2  
  79  11:58  Zergling x2  
  79  11:59  Zergling x2  
  85  12:13  Drone  
  85  12:15  Spine Crawler  
  85  12:17  Spine Crawler, Baneling x3  
  85  12:21  Drone  
  82  12:28  Mutalisk x2  
  82  12:29  Mutalisk  
  87  12:39  Mutalisk x2  
  90  12:46  Spine Crawler  
  90  12:47  Mutalisk  
  91  12:58  Mutalisk x3  
  91  13:00  Drone  
Tags
 
Add a new tag
Caveats
  • Supply blocks, unpowered buildings, or Contaminate may cause inaccurate times.
  • Supply counts are checked every 10 seconds.